 Dungeon Crawl Stone Soup version 0.30-a0-165-g1891117ce2 (webtiles) character file.

Game seed: 7522391795122391827

239 qw the Chopper (level 6, -5/38 HPs)
             Began as a Gargoyle Fighter on Sept 28, 2022.
             Was an Initiate of Okawaru.
             Slain by Edmund
             ... wielding a +6 dire flail of protection
              (12 damage)
             ... on level 4 of the Dungeon.
             The game lasted 00:01:28 (4227 turns).

qw the Chopper (Gargoyle Fighter)                   Turns: 4227, Time: 00:01:29

Health: -5/38      AC: 14    Str: 19    XL:     6   Next: 7%
Magic:  6/6        EV:  9    Int:  9    God:    Okawaru [......]
Gold:   183        SH:  4    Dex:  9    Spells: 5/5 levels left

rFire   . . .      SeeInvis .    Y - +2 war axe
rCold   . . .      Faith    .    c - +0 buckler
rNeg    + . .      Spirit   .    b - +0 scale mail
rPois   inf        Reflect  .    l - +0 helmet
rElec   +          Harm     .    p - +0 cloak
rCorr   .          Rampage  .    (no gloves)
Will    .....                    k - +0 pair of boots
Stlth   ..........               (no amulet)
HPRegen 0.12/turn                (no ring)
MPRegen 0.10/turn                (no ring)

@: no status effects
A: sickness immunity, AC +4, negative energy resistance 1, electricity
resistance, torment resistance 1, petrification resistance, weak 1
a: Renounce Religion


You were on level 4 of the Dungeon.
You worshipped Okawaru.
Okawaru was noncommittal.
You visited 2 branches of the dungeon, and saw 5 of its levels.

You collected 272 gold pieces.
You spent 89 gold pieces at shops.


Innate Abilities, Weirdness & Mutations

You are immune to sickness and miasma.
Your stone body is resilient. (AC +4)
You are immune to poison.
You resist negative energy. (rN+)
You are resistant to electric shocks. (rElec)
You are resistant to unholy torment.
You are immune to petrification.
You are weak. (Str -2)


   Skills:
 - Level 4.0 Fighting
 + Level 5.0 Axes
 - Level 3.2 Armour
 - Level 1.0 Dodging
 - Level 3.2 Shields


You had 5 spell levels left.
You didn't know any spells.
Your spell library was empty.

Inventory:

Hand Weapons
 e - a +0 flail
 Y - a +2 war axe (weapon)
Armour
 b - a +0 scale mail (worn)
 c - a +0 buckler (worn)
 k - a +0 pair of boots (worn)
 l - a +0 helmet (worn)
 p - a +0 cloak (worn)
Scrolls
 f - a scroll of identify
Potions
 a - a potion of resistance
 d - 3 potions of might
 g - 3 potions of curing
 h - 2 potions of mutation
 i - a potion of lignification {unknown}
 j - a potion of brilliance {unknown}
 m - a potion of attraction {unknown}
 t - a potion of degeneration {unknown}

Dungeon Overview and Level Annotations

Branches:
Dungeon (4/15)             Temple (1/1) D:4

Altars:
Ashenzari
Dithmenos
Fedhas
Gozag
Hepliaklqana
Kikubaaqudgha
Makhleb
Nemelex Xobeh
Okawaru
Ru
Sif Muna
Vehumet
Xom
Yredelemnul
Zin
The Shining One

Shops:
D:2 *[

Annotations:
D:4 Edmund


Message History

You see here a quokka corpse.
Edmund the Younger comes into view.
He is wielding a +6 dire flail of protection.
Edmund shouts!
Enter note:
Enter note: You barely miss Edmund.
Edmund closely misses you.
You slash Edmund!
Edmund is moderately wounded.
Edmund hits you with a +6 dire flail of protection.
You hit Edmund.
Edmund is heavily wounded.
You block Edmund's attack. x2
You hit Edmund.
Edmund is heavily wounded.
Edmund hits you with a +6 dire flail of protection.
You completely miss Edmund.
Edmund is heavily wounded.
Edmund hits you with a +6 dire flail of protection.
You hit Edmund but do no damage.
Edmund is heavily wounded.
Edmund hits you with a +6 dire flail of protection!
Edmund hits you with a +6 dire flail of protection.
You hit Edmund but do no damage.
Edmund is heavily wounded.
Edmund hits you with a +6 dire flail of protection!
You barely miss Edmund.
Edmund is heavily wounded.
Edmund barely misses you.
You hit Edmund.
Edmund is heavily wounded.
Edmund clears his throat.
You block Edmund's attack.
You closely miss Edmund.
Edmund is heavily wounded.
Edmund barely misses you. Edmund closely misses you.
You hit Edmund but do no damage.
Edmund is heavily wounded.
Edmund hits you with a +6 dire flail of protection!
You die...

### ###
############.##
..
#.............#
#.
#.##########.##
#########
####@##.# #.#
........#
#....@..# #.#
#.##.##.#
#.##.#### #.#
#.##.##.# #.##.
#.# ..##.##.#
..... #.#
####.##.# #.###
#.# ####.##.#
#.# #.#
.....##.# #.#
#.#
#.#####)####.#
#.#
##...........###
#.###


You could see Edmund.

Vanquished Creatures
  A jelly (D:3)
  An iguana (D:4)
  Ijyb (D:4)
  A gnoll (D:1)
  6 adders
  A worm (D:3)
  7 orcs
  8 bats
  3 endoplasms
  2 giant cockroaches
  7 goblins
  9 hobgoblins
  3 jackals (D:2)
  7 quokkas
  12 ball pythons
  2 frilled lizards
  4 kobolds
  3 rats
78 creatures vanquished.

Notes
Turn   | Place    | Note
-------+----------+-------------------------------------------
     0 | D:1      | qw the Gargoyle Fighter began the quest for the Orb.
     0 | D:1      | Reached XP level 1. HP: 14/14 MP: 1/1
     0 | D:1      | 0 ||| qw: Version: 0.2-a-12-gaebbb33
     0 | D:1      | 0 ||| qw: Game counter: 905
     0 | D:1      | 0 ||| qw: Always use a shield: true
     0 | D:1      | 0 ||| qw: God list: Okawaru
     0 | D:1      | 0 ||| qw: Allow faded altars: false
     0 | D:1      | 0 ||| qw: Do Orc after D:15 true
     0 | D:1      | 0 ||| qw: Do second Lair branch before Depths: true
     0 | D:1      | 0 ||| qw: Lair rune preference: random
     0 | D:1      | 0 ||| qw: Plans: Normal, Zot:1-4, God:TSO, Crypt, Tomb,
                  | Pan, Slime:5, Hells, Abyss, Orb
     0 | D:1      | 0 ||| PLANNING D:1-11
    35 | D:1      | Reached skill level 2 in Axes
   103 | D:1      | Found a faded altar of an unknown god.
   154 | D:1      | Reached XP level 2. HP: 19/19 MP: 2/2
   256 | D:1      | Reached skill level 3 in Axes
   490 | D:1      | Reached XP level 3. HP: 23/23 MP: 3/3
   743 | D:1      | 743 ||| Stepping ~*~*~tactically~*~*~ (stealth).
  1099 | D:1      | 1099 ||| READING scroll labelled UDISSU QUHA.
  1100 | D:1      | 1100 ||| READING scroll labelled BIQ KUC SINU.
  1101 | D:1      | 1101 ||| DRINKING 2 metallic puce potions.
  1101 | D:1      | Gained mutation: You are weak. (Str -2) [potion of
                  | mutation]
  1177 | D:2      | Found Gegale's Assorted Antiques.
  1278 | D:2      | 1278 ||| BUYING golden potion (27 gold).
  1278 | D:2      | Bought a golden potion for 27 gold pieces
  1278 | D:2      | 1278 ||| BUYING scroll of identify (62 gold).
  1278 | D:2      | Bought a scroll of identify for 62 gold pieces
  1278 | D:2      | 1278 ||| SHOPLISTING shimmering leather armour (217 gold,
                  | have 37).
  1295 | D:2      | 1295 ||| Stepping ~*~*~tactically~*~*~ (stealth).
  1309 | D:2      | Reached XP level 4. HP: 28/28 MP: 4/4
  1360 | D:2      | Reached skill level 4 in Axes
  1432 | D:2      | Found Eshighu's Antique Armour Shop.
  1442 | D:2      | 1442 ||| SHOPLISTING chain mail (130 gold, have 55).
  1442 | D:2      | 1442 ||| SHOPLISTING cloak (130 gold, have 55).
  1442 | D:2      | 1442 ||| SHOPLISTING glowing helmet (217 gold, have 55).
  1442 | D:2      | 1442 ||| SHOPLISTING plate armour (667 gold, have 55).
  1442 | D:2      | 1442 ||| SHOPLISTING shiny orb (348 gold, have 55).
  1857 | D:2      | 1857 ||| UPGRADING to +0 pair of boots.
  1862 | D:2      | 1862 ||| UPGRADING to +0 helmet.
  1867 | D:2      | 1867 ||| DRINKING 3 fuming red potions.
  1868 | D:2      | 1868 ||| READING 2 scrolls of identify.
  1868 | D:2      | 1868 ||| IDENTIFYING fuming orange potion
  1876 | D:3      | 1876 ||| STAIRDANCE
  1923 | D:3      | 1923 ||| STAIRDANCE
  1928 | D:2      | 1928 ||| DROPPING +0 club.
  1932 | D:3      | 1932 ||| STAIRDANCE
  1938 | D:2      | 1938 ||| DROPPING +0 mace.
  2182 | D:3      | Identified the +2 leather armour "Yrraskusm" {Harm rElec
                  | rC- rN+}
  2361 | D:3      | Reached XP level 5. HP: 29/32 MP: 5/5
  2402 | D:3      | 2402 ||| Stepping ~*~*~tactically~*~*~ (stealth).
  2419 | D:3      | 2419 ||| Stepping ~*~*~tactically~*~*~ (stealth).
  2427 | D:3      | 2427 ||| Stepping ~*~*~tactically~*~*~ (stealth).
  2776 | D:3      | Reached skill level 5 in Axes
  2831 | D:3      | 2831 ||| UPGRADING to +0 cloak.
  2836 | D:3      | 2836 ||| DROPPING +2 leather armour "Yrraskusm" {Harm rElec
                  | rC- rN+}.
  2837 | D:3      | 2837 ||| READING scroll labelled JOILAV WIPOGUY.
  2842 | D:3      | 2842 ||| READING scroll labelled WOSIRIM PEXU.
  2843 | D:3      | 2843 ||| READING 2 scrolls labelled NEUCEL ELODU.
  2844 | D:3      | 2844 ||| READING scroll of enchant weapon.
  2844 | D:3      | 2844 ||| ENCHANTING +1 war axe.
  2845 | D:3      | 2845 ||| DRINKING 2 amethyst potions.
  2910 | D:4      | 2910 ||| Stepping ~*~*~tactically~*~*~ (stealth).
  3049 | D:4      | 3049 ||| Stepping ~*~*~tactically~*~*~ (stealth).
  3064 | D:4      | HP: 5/32 [iguana (5)]
  3065 | D:4      | 3065 ||| READING scroll of teleportation.
  3066 | D:4      | 3066 ||| DRINKING potion of heal wounds.
  3516 | D:4      | Noticed Ijyb
  3517 | D:4      | 3517 ||| Stepping ~*~*~tactically~*~*~ (hiding).
  3533 | D:4      | HP: 8/33 [Ijyb/puff of flame (4)]
  3535 | D:4      | Killed Ijyb
  3536 | D:4      | Reached skill level 1 in Dodging
  3536 | D:4      | Reached XP level 6. HP: 9/38 MP: 6/6
  3849 | D:4      | Found a staircase to the Ecumenical Temple.
  3850 | D:4      | 3850 ||| PLANNING TEMPLE
  3850 | D:4      | 3850 ||| DRINKING 2 lumpy yellow potions.
  3851 | D:4      | 3851 ||| DROPPING potion of flight.
  3864 | Temple   | Entered the Ecumenical Temple
  3891 | Temple   | 3891 ||| PLANNING OKAWARU WORSHIP
  4056 | Temple   | Became a worshipper of Warmaster Okawaru
  4057 | Temple   | 4057 ||| PLANNING D:1-11
  4215 | D:4      | Noticed Edmund
  4223 | D:4      | HP: 7/38 [Edmund/+6 dire flail of protection (9)]
  4227 | D:4      | Slain by Edmund

Levels and vault maps discovered:
D:1:      amcnicky_arrival_flooded_fountain, layout_loops_ring,
          shapermc_ecumenical_altar_starsandcircs, minmay_shallow_snake_nest
D:2:      layout_basic, serial_shops,
          nicolae_shop_temple_entry_statues_fountains, shop
D:3:      layout_basic, st_stairs_7, minmay_fountain_box
D:4:      layout_loops_ring, minmay_temple_entry_trees, uniq_edmund, uniq_ijyb
Temple:   nicolae_temple_slightly_damp_pantheon

Skill      XL: |  1  2  3  4  5 |
---------------+----------------+-----
Axes           | 2 3 4 5 |  5.0
Fighting       | 4 |  4.0
Dodging        | 1 |  1.0
Armour         | |  3.2
Shields        | |  3.2

Action                   |  1- 3 |  4- 6 || total
-------------------------+-------+-------++-------
Melee: War axe           |   108 |   183 ||   291
  Use: Scroll            |     2 |     6 ||     8
       Potion            |     1 |     4 ||     5
Armor: Scale mail        |    65 |    91 ||   156
Dodge: Dodged            |    52 |    75 ||   127
Block: Buckler           |    22 |    30 ||    52

Table legend:
 A = Non-vault XP
 B = Vault XP
 C = Vault XP percentage of total XP
 D = Non-vault monster count
 E = Vault monster count
 F = Vault count percentage of total count
                 A         B        C        D         E       F
            +---------+---------+-------+---------+---------+-------
      Total |     304 |      38 |  11.1 |      75 |       3 |   3.8
            +---------+---------+-------+---------+---------+-------
        D:1 |      61 |       1 |   1.6 |      27 |       1 |   3.6
        D:2 |      76 |       0 |   0.0 |      21 |       0 |   0.0
        D:3 |      98 |       1 |   1.0 |      17 |       1 |   5.6
        D:4 |      69 |      36 |  34.3 |      10 |       1 |   9.1
            +---------+---------+-------+---------+---------+-------
